 Dungeon Sprint DCSS version 0.30.1-8-g117510f58f (webtiles) character file.

Game seed: 17814363096349067434

1902 Heoruswealwe the Impaler (level 8, 0/85 HPs)
             Began as a Minotaur Fighter on Sept 22, 2023.
             Was a Priest of the Shining One.
             Killed from afar by an efreet (9 damage)
             ... with a bolt of fire
             ... in the Dungeon (Sprint IX: "|||||||||||||||||||||||||||||").
             The game lasted 00:04:30 (348 turns).

Heoruswealwe the Impaler (Minotaur Fighter)          Turns: 348, Time: 00:04:30

Health: 0/85       AC: 18    Str: 24    XL:     8   Next: 94%
Magic:  7/7        EV:  7    Int:  5    God:    the Shining One [***...]
Gold:   0          SH:  0    Dex:  9    Spells: 7/7 levels left

rFire   . . .        b - +2 halberd (venom)
rCold   . . .        (shield currently unavailable)
rNeg    + . .        c - +0 plate armour
rPois   .            (helmet restricted)
rElec   .            h - +0 cloak
rCorr   .            f - +0 pair of gloves
SInv    .            (no boots)
Will    .....        (no amulet) Stlth
                     (no ring)
HPRegen 0.34/turn    (no ring)
MPRegen 0.10/turn

%: no teleportation
@: glowing
A: horns 2, retaliatory headbutt
a: Renounce Religion, Divine Shield, Cleansing Flame


You were in the Dungeon.
You worshipped the Shining One.
The Shining One was most pleased with you.
You visited 1 branch

Inventory:

Hand Weapons
 a - a +0 trident
 b - a +2 halberd of venom (weapon)
 l - a +0 glaive
Armour
 c - a +0 plate armour (worn)
 d - a +0 buckler
 f - a +0 pair of gloves (worn)
 h - a +0 cloak (worn)
Wands
 k - a wand of roots (10)
Scrolls
 j - 2 scrolls of blinking
Potions
 e - 5 potions of curing
 g - a potion of haste
 i - a potion of might


   Skills:
 + Level 12.5 Fighting
 * Level 16.7 Polearms
 + Level 12.5 Armour
 - Level 3.6 Shields


You had 7 spell levels left.
You didn't know any spells.
Your spell library was empty.

Dungeon Overview and Level Annotations

Branches:
Dungeon (1/1)

Altars:
Cheibriados
Dithmenos
Elyvilon
Fedhas
Gozag
Hepliaklqana
Kikubaaqudgha
Makhleb
Nemelex Xobeh
Okawaru
Qazlal
Ru
Sif Muna
Trog
Uskayaw
Vehumet
Wu Jian
Xom
Yredelemnul
Zin
The Shining One
Jiyva
Lugonu


Innate Abilities, Weirdness & Mutations

You have a pair of horns on your head.
You reflexively headbutt those who attack you in melee.


Message History

The efreet hits you with a +4 scimitar of flaming.
The efreet burns you.
You hit the efreet.
The efreet is poisoned.
The efreet is heavily wounded.
You hit the efreet.
The efreet looks as sick as possible!
The efreet is severely wounded.
The efreet hits you but does no damage.
You slash the efreet! You headbutt the efreet.
You kill the efreet!
The Shining One accepts your kill.
You feel better.
You hit the efreet but do no damage.
You headbutt the efreet, but do no damage.
You puncture the efreet!
You headbutt the efreet, but do no damage.
The efreet is moderately wounded.
The efreet hits you with a +1 scimitar of flaming!
The efreet burns you.
You hit the efreet but do no damage. You headbutt the efreet!
The efreet is heavily wounded.
The efreet hits you with a +1 scimitar of flaming!
* * * LOW HITPOINT WARNING * * *
The efreet burns you.
* * * LOW HITPOINT WARNING * * *
You puncture the efreet!
The efreet is almost dead.
You hit the efreet but do no damage.
The efreet is poisoned.
The efreet is almost dead.
The efreet hits you but does no damage.
You hit the efreet.
The efreet is almost dead.
The efreet gestures at you.
The fireball explodes!
The fireball engulfs you!
* * * LOW HITPOINT WARNING * * *
The fireball engulfs the efreet.
The efreet completely resists.
You hit the efreet.
The efreet looks as sick as possible!
The efreet is almost dead.
The efreet gestures at you. The bolt of fire hits you!
You die... ▓▓▓▓▓▓▓▓▓▓▓▓▓▓▓▓▓▓▓▓▓▓▓▓ ..(...R@..))['==[...)?!' ▓▓▓▓▓▓▓▓▓▓▓▓▓▓▓▓▓▓▓▓▓▓▓▓

You could see an efreet (extremely poisoned).

Vanquished Creatures
  A cyclops (D)
  An efreet (D)
  A tengu conjurer (D)
  A troll (D)
  A wraith (D)
  A yak (D)
  2 orc warriors (D)
  A centaur (D)
  3 scorpions (D)
  A howler monkey (D)
  A sleepcap (D)
  An iguana (D)
  A bat (D)
  A goblin (D)
  2 hobgoblins (D)
  A frilled lizard (D)
20 creatures vanquished.

Vanquished Creatures (others)
  A cyclops (D)
1 creature vanquished.

Grand Total: 21 creatures vanquished

Notes
Turn   | Place    | Note
-------+----------+-------------------------------------------
     0 | D        | Heoruswealwe the Minotaur Fighter began the quest for the
                  | Orb.
     0 | D        | Reached XP level 1. HP: 19/19 MP: 0/0
     8 | D        | Reached skill level 3 in Polearms
    21 | D        | Noticed an iguana
    21 | D        | Noticed a sleepcap
    21 | D        | Noticed a scorpion
    21 | D        | Noticed a scorpion
    21 | D        | Noticed a scorpion
    23 | D        | Killed a scorpion
    24 | D        | Reached skill level 5 in Fighting
    24 | D        | Reached skill level 6 in Polearms
    24 | D        | Reached skill level 5 in Armour
    24 | D        | Reached XP level 2. HP: 30/30 MP: 1/1
    24 | D        | Reached XP level 3. HP: 37/37 MP: 2/2
    27 | D        | Killed a scorpion
    28 | D        | Reached skill level 8 in Polearms
    28 | D        | Reached XP level 4. HP: 45/45 MP: 3/3
    29 | D        | Killed a scorpion
    30 | D        | Reached skill level 9 in Polearms
    30 | D        | Reached XP level 5. HP: 52/52 MP: 4/4
    33 | D        | Reached skill level 10 in Polearms
    43 | D        | Found a snail-covered altar of Cheibriados.
    43 | D        | Found a shadowy altar of Dithmenos.
    43 | D        | Found a white marble altar of Elyvilon.
    43 | D        | Found a blossoming altar of Fedhas.
    43 | D        | Found an opulent altar of Gozag.
    44 | D        | Found a hazy altar of Hepliaklqana.
    45 | D        | Found a viscous altar of Jiyva.
    46 | D        | Found an ancient bone altar of Kikubaaqudgha.
    47 | D        | Found a corrupted altar of Lugonu.
    48 | D        | Found a burning altar of Makhleb.
    49 | D        | Found a sparkling altar of Nemelex Xobeh.
    50 | D        | Found an iron altar of Okawaru.
    51 | D        | Found a stormy altar of Qazlal.
    52 | D        | Found a sacrificial altar of Ru.
    53 | D        | Found a shimmering blue altar of Sif Muna.
    54 | D        | Found a bloodstained altar of Trog.
    55 | D        | Found a hide-covered altar of Uskayaw.
    56 | D        | Found a radiant altar of Vehumet.
    57 | D        | Found an ornate altar of the Wu Jian Council.
    58 | D        | Found a shimmering altar of Xom.
    59 | D        | Found a basalt altar of Yredelemnul.
    60 | D        | Found a glowing silver altar of Zin.
    61 | D        | Found a glowing golden altar of the Shining One.
    69 | D        | Became a worshipper of the Shining One
   103 | D        | Noticed an orc warrior
   103 | D        | Noticed a centaur
   103 | D        | Noticed a yak
   103 | D        | Reached * piety under the Shining One
   103 | D        | Noticed a wraith
   103 | D        | Noticed an orc warrior
   107 | D        | Killed an orc warrior
   108 | D        | Reached skill level 11 in Polearms
   108 | D        | Reached XP level 6. HP: 56/62 MP: 5/5
   115 | D        | Killed a wraith
   115 | D        | Reached ** piety under the Shining One
   116 | D        | Reached skill level 12 in Polearms
   118 | D        | Killed a yak
   119 | D        | Reached skill level 10 in Fighting
   119 | D        | Reached skill level 13 in Polearms
   119 | D        | Reached skill level 10 in Armour
   119 | D        | Reached XP level 7. HP: 42/72 MP: 6/6
   124 | D        | HP: 2/73 [orc warrior/+0 glaive (18)]
   130 | D        | Reached skill level 14 in Polearms
   320 | D        | Noticed a cyclops
   320 | D        | Noticed an efreet
   320 | D        | Noticed an efreet
   320 | D        | Noticed a tengu conjurer
   320 | D        | Reached *** piety under the Shining One
   320 | D        | Noticed a troll
   320 | D        | Noticed a cyclops
   325 | D        | Killed a cyclops
   326 | D        | Reached skill level 15 in Polearms
   326 | D        | Reached XP level 8. HP: 69/82 MP: 7/7
   329 | D        | Killed a troll
   330 | D        | Killed a cyclops
   336 | D        | Killed a tengu conjurer
   337 | D        | Reached skill level 16 in Polearms
   341 | D        | Killed an efreet
   348 | D        | Killed from afar by an efreet

Illustrated notes

Levels and vault maps discovered:
D:        linesprint [early_d, line_temple, items_1, d_10, items_2, lair_1,
          lair_end, items_3, orc_1, orc_end, items_4, d_15, swamp_1, shoals_1,
          snake_1, spider_1, d_20, vaults_1, items_5, swamp_end, shoals_end,
          snake_end, spider_end, vaults_end, d_27, items_6, zot_1, zot_end,
          crypt_end, forest_end, elf_end, slime_end, tomb_end, abyss_end,
          pan_hell_end]

Skill      XL: |  1  2  3  4  5  6  7  8 |
---------------+-------------------------+-----
Polearms       | 6 8 9 11 13 15 16 | 16.7
Fighting       | 5 6 7 8 10 11 12 | 12.5
Armour         | 5 6 7 8 10 11 12 | 12.5
Shields        | |  3.6

Action                     |  1- 3 |  4- 6 |  7- 9 || total
---------------------------+-------+-------+-------++-------
  Melee: Trident           |    15 |     9 |       ||    24
         Headbutt          |     1 |     4 |    12 ||    17
         Halberd           |       |    14 |    36 ||    50
    Use: Potion            |     1 |       |     3 ||     4
 Armour: Scale mail        |     6 |     6 |     5 ||    17
         Plate armour      |       |       |    13 ||    13
  Dodge: Dodged            |     4 |     8 |    12 ||    24
  Block: Buckler           |     1 |       |       ||     1
